Map: Blackpink LE

Players

Maya

  • Race: Zerg Zerg
  • League: Master
  • Spawn Location: 7:00

Marshmallow - Winner!

  • Race: Protoss Protoss
  • League: Master
  • Spawn Location: 1:00

VOD

Have the link to the VOD?

Description

Time

  • Played on: Jan. 7, 2018, 9:28 a.m.
  • Length: 21:32
Show
View Real Time Build Order
Export as new Build Order

Maya Zerg 

Build Orders: Hatch First, Ravager All-In 

Get SALT Encoding   

  12  0:00  Drone  
  13  0:12  Overlord  
  13  0:17  Drone  
  14  0:30  Drone x2  
  14  0:34  Drone  
  17  0:52  Hatchery  
  17  0:55  Drone  
  17  0:58  Drone  
  18  1:09  Extractor  
  17  1:13  Spawning Pool  
  17  1:16  Drone  
  17  1:19  Drone  
  18  1:29  Drone  
  19  1:49  Hatchery  
  19  1:52  Overlord  
  18  1:54  Drone  
  20  2:05  Roach Warren, Drone  
  20  2:08  Extractor  
  19  2:11  Drone  
  20  2:26  Drone  
  20  2:27  Queen  
  23  2:39  Overlord  
  23  2:47  Drone  
  24  2:55  Roach  
  26  3:03  Queen  
  26  3:04  Roach  
  30  3:15  Roach  
  30  3:18  Roach x2  
  36  3:22  Queen  
  36  3:23  Roach  
  36  3:26  Roach  
  42  3:34  Roach  
  44  3:39  Overlord  
  44  3:44  Overlord  
  44  3:54  Overlord  
  44  3:57  Drone  
  45  4:04  Ravager x5  
  45  4:06  Roach  
  52  4:10  Roach  
  49  4:44  Roach x2  
  49  4:45  Roach x5  
  57  4:49  Roach  
  53  4:59  Drone x4  
  57  5:02  Drone  
  57  5:05  Ravager  
  59  5:12  Drone x2  
  61  5:20  Ravager  
  62  5:21  Drone x2  
  62  5:28  Drone x3  
  66  5:29  Drone  
  66  5:34  Overlord  
  68  5:59  Hatchery  
  68  6:02  Drone  
  68  6:03  Drone x3  
  71  6:05  Ravager x2  
  71  6:06  Ravager  
  74  6:21  Drone  
  74  6:22  Drone  
  76  6:26  Overlord  
  76  6:27  Overlord x2, Extractor  
  76  6:29  Extractor  
  76  6:31  Lair  
  74  6:33  Queen  
  74  6:38  Drone x2  
  74  6:44  Drone  
  75  6:50  Drone  
  76  6:56  Ravager, Overlord  
  77  7:04  Evolution Chamber, Overlord  
  77  7:07  Drone x2  
  77  7:08  Evolution Chamber  
  77  7:18  Drone  
  77  7:19  Drone x5  
  77  7:22  Queen, Drone  
  86  7:28  Drone  
  86  7:29  Drone x2  
  85  7:40  Glial Reconstitution  
  85  7:41  Hydralisk Den  
  85  7:43  Zerg Missile Weapons Level 1  
  85  7:44  Zerg Ground Armor Level 1  
  84  7:46  Drone x3  
  84  7:47  Drone x2  
  84  7:48  Roach  
  91  7:52  Overlord  
  91  7:53  Drone x3  
  91  7:54  Drone x2  
  91  7:55  Queen  
  98  8:03  Overlord  
  98  8:04  Spore Crawler  
  97  8:09  Overlord x2  
  97  8:13  Muscular Augments  
  97  8:23  Drone  
  97  8:26  Metabolic Boost, Queen  
  98  8:27  Baneling Nest  
  98  8:31  Hatchery, Extractor  
  98  8:32  Extractor  
  96  8:40  Overseer  
  96  8:41  Hatchery, Hydralisk x2  
  100  8:48  Drone x3  
  100  8:49  Drone x2  
  100  8:50  Drone  
  100  8:53  Hydralisk  
  100  8:54  Hydralisk  
  109  9:10  Drone x5  
  114  9:22  Overlord x4  
  114  9:40  Queen x2  
  114  9:41  Centrifical Hooks  
  114  9:43  Drone x8  
  114  9:44  Drone x3  
  114  9:45  Infestation Pit  
  126  9:55  Hydralisk  
  126  9:56  Hydralisk x5  
  126  9:58  Hydralisk  
  140  10:01  Hydralisk  
  140  10:04  Hydralisk  
  140  10:05  Hydralisk  
  146  10:10  Zerg Missile Weapons Level 2  
  146  10:12  Zerg Ground Armor Level 2  
  146  10:15  Hydralisk  
  146  10:17  Hydralisk  
  146  10:21  Hydralisk x2  
  150  10:24  Hydralisk x2  
  158  10:29  Overlord x3  
  158  10:31  Overlord  
  158  10:39  Overlord x3  
  158  10:40  Hive  
  158  10:44  Spire  
  158  10:48  Spire  
  158  10:49  Extractor  
  155  10:50  Extractor, Drone  
  155  10:51  Drone x3  
  158  10:59  Hydralisk  
  158  11:00  Hydralisk x3  
  166  11:06  Hydralisk x2  
  166  11:07  Hydralisk x2  
  170  11:15  Hydralisk x2  
  170  11:16  Hydralisk x2  
  178  11:21  Drone  
  179  11:38  Hydralisk x6  
  175  11:50  Hydralisk x9  
  180  12:00  Hydralisk x4  
  184  12:03  Overlord  
  184  12:04  Zergling x2  
  184  12:05  Zergling x16  
  193  12:10  Zerg Flyer Weapons Level 1  
  193  12:11  Zerg Flyer Armor Level 1  
  193  12:14  Hydralisk  
  195  12:16  Hydralisk  
  197  12:23  Hydralisk  
  188  12:37  Drone x6  
  188  12:41  Viper x2  
  199  12:49  Baneling  
  185  13:00  Hydralisk x8  
  189  13:07  Hydralisk x3  
  189  13:08  Hatchery, Hydralisk  
  189  13:10  Hydralisk  
  181  13:15  Hydralisk x3  
  168  13:21  Hydralisk x3  
  168  13:23  Hatchery  
  168  13:32  Hydralisk  
  168  13:33  Hydralisk x4  
  178  13:34  Zergling x4  
  178  13:35  Zergling x16  
  188  13:58  Hydralisk x5  
  198  14:06  Hatchery  
  198  14:08  Zerg Flyer Armor Level 2, Zerg Flyer Weapons Level 2  
  197  14:26  Hydralisk  
  199  14:51  Extractor  
  199  14:52  Drone x2  
  200  14:54  Extractor  
  199  15:01  Overlord  
  198  15:20  Pathogen Glands  
  198  15:22  Burrow, Pneumatized Carapace  
  192  15:45  Zerg Missile Weapons Level 3  
  192  15:46  Zerg Ground Armor Level 3  
  192  15:52  Overseer  
  192  15:54  Overseer x3  
  192  16:15  Spore Crawler x2, Hydralisk  
  192  16:16  Spore Crawler, Hydralisk x17  
  194  16:19  Spore Crawler  
  194  16:20  Spore Crawler  
  161  16:25  Corruptor  
  161  16:26  Corruptor x12  
  161  16:29  Hydralisk  
  161  16:30  Spore Crawler x2, Hydralisk  
  178  16:34  Hydralisk x2  
  176  16:50  Hydralisk x7  
  176  17:00  Hydralisk x4  
  178  17:05  Hydralisk  
  178  17:06  Hydralisk  
  174  17:14  Hydralisk x4  
  172  17:21  Hydralisk x2  
  166  17:37  Extractor  
  166  17:39  Hydralisk  
  166  17:40  Hydralisk x6  
  155  17:49  Hydralisk x4  
  151  17:53  Hydralisk  
  151  17:56  Extractor x2  
  151  17:57  Hydralisk x2  
  139  18:00  Queen x4  
  139  18:01  Queen x2  
  139  18:03  Hydralisk x2  
  139  18:13  Hydralisk x4  
  147  18:21  Hydralisk x3  
  153  18:35  Hydralisk x4  
  161  18:52  Hydralisk x8  
  135  18:56  Hydralisk  
  135  18:59  Hydralisk  
  135  19:01  Queen x5  
  135  19:02  Queen x2  
  147  19:10  Hydralisk x3  
  147  19:16  Hydralisk x2  
  147  19:17  Hydralisk  
  139  19:21  Hydralisk x2  
  147  19:27  Overlord  
  146  19:33  Drone x8  
  154  19:42  Ultralisk Cavern  
  154  19:45  Corruptor x2  
  157  19:49  Corruptor  
  159  20:03  Hydralisk  
  159  20:04  Hydralisk x5  
  171  20:09  Hydralisk x2  
  175  20:27  Corruptor x6  
  187  20:33  Corruptor x2  
  191  20:43  Corruptor  
  191  20:47  Overlord x3  
Show
View Real Time Build Order
Export as new Build Order

Marshmallow Protoss - Winner!

Build Orders:  

Get SALT Encoding   

  12  0:00  Probe  
  13  0:12  Probe  
  14  0:20  Pylon  
  14  0:24  Probe  
  15  0:39  Probe  
  15  0:40  Forge  
  16  0:51  Probe (Chrono Boost)  
  17  1:02  Pylon, Probe (Chrono Boost)  
  18  1:09  Probe  
  19  1:32  Photon Cannon  
  19  1:36  Photon Cannon  
  19  2:19  Nexus  
  19  2:23  Gateway  
  19  2:25  Photon Cannon  
  19  2:26  Pylon  
  19  2:31  Probe (Chrono Boost)  
  19  2:34  Assimilator  
  20  2:42  Probe (Chrono Boost)  
  21  2:47  Probe (Chrono Boost)  
  22  2:55  Nexus  
  22  2:58  Probe (Chrono Boost)  
  23  3:01  Assimilator  
  23  3:08  Probe (Chrono Boost)  
  24  3:13  Cybernetics Core  
  24  3:19  Probe (Chrono Boost)  
  25  3:31  Probe (Chrono Boost)  
  25  3:33  Probe (Chrono Boost)  
  27  3:40  Probe x2 (Chrono Boost)  
  29  3:43  Photon Cannon  
  29  3:47  Photon Cannon  
  29  3:50  Probe  
  29  3:52  Probe  
  31  4:01  Stalker (Chrono Boost)  
  33  4:13  Probe x2  
  34  4:21  Pylon  
  34  4:22  Photon Cannon  
  34  4:37  Pylon  
  27  4:55  Pylon  
  27  4:57  Probe (Chrono Boost)  
  28  5:00  Stalker (Chrono Boost)  
  28  5:05  Pylon  
  28  5:07  Probe (Chrono Boost)  
  31  5:10  Probe x2 (Chrono Boost)  
  31  5:11  Probe (Chrono Boost)  
  33  5:22  Probe  
  33  5:23  Probe  
  33  5:25  Photon Cannon  
  33  5:27  Stalker (Chrono Boost)  
  37  5:40  Stargate  
  37  5:44  Probe  
  37  5:45  Probe x2  
  37  5:47  Stalker (Chrono Boost)  
  42  5:52  Photon Cannon  
  42  5:57  Probe x3  
  45  6:10  Stalker  
  47  6:19  Assimilator  
  47  6:25  Pylon  
  47  6:26  Void Ray  
  47  6:32  Photon Cannon  
  51  6:40  Stalker  
  53  6:57  Probe (Chrono Boost)  
  53  6:59  Assimilator  
  54  7:03  Assimilator  
  54  7:07  Probe (Chrono Boost)  
  54  7:08  Probe x2 (Chrono Boost)  
  57  7:12  Probe (Chrono Boost)  
  57  7:13  Stargate  
  57  7:15  Probe x2  
  60  7:23  Probe  
  61  7:35  Probe  
  62  7:38  Void Ray  
  62  7:40  Probe x2  
  68  7:47  Probe  
  69  7:52  Probe x2  
  71  7:59  Probe  
  71  8:04  Probe x2  
  74  8:09  Assimilator  
  74  8:10  Void Ray x2  
  74  8:11  Probe  
  75  8:23  Protoss Air Weapons Level 1 (Chrono Boost)  
  75  8:24  Probe (Chrono Boost)  
  84  8:35  Pylon  
  84  8:36  Probe (Chrono Boost)  
  84  8:40  Nexus  
  85  8:43  Pylon  
  85  8:49  Pylon  
  85  8:51  Pylon  
  85  8:54  Probe (Chrono Boost)  
  86  9:00  Probe (Chrono Boost)  
  86  9:01  Probe (Chrono Boost), Void Ray x2 (Chrono Boost)  
  96  9:05  Pylon  
  96  9:06  Probe (Chrono Boost)  
  98  9:11  Photon Cannon, Probe x2 (Chrono Boost)  
  98  9:13  Photon Cannon  
  99  9:18  Photon Cannon  
  99  9:20  Probe  
  99  9:21  Shield Battery  
  99  9:23  Shield Battery  
  100  9:25  Photon Cannon  
  100  9:27  Probe x2  
  102  9:32  Probe  
  103  9:39  Probe, Void Ray x2 (Chrono Boost)  
  103  9:43  Stargate  
  103  9:44  Fleet Beacon  
  112  9:58  Protoss Shields Level 1 (Chrono Boost)  
  112  10:00  Probe x3  
  112  10:02  Assimilator  
  112  10:04  Assimilator  
  115  10:11  Protoss Air Armor Level 1 (Chrono Boost)  
  115  10:12  Probe  
  116  10:21  Pylon  
  116  10:25  Pylon  
  116  10:29  Photon Cannon  
  116  10:42  Tempest x3 (Chrono Boost)  
  133  11:00  Photon Cannon  
  129  11:21  Carrier x3  
  147  12:02  Probe  
  148  12:08  Pylon  
  148  12:09  Pylon  
  148  12:22  Probe x3  
  147  12:23  Robotics Facility, Nexus, Protoss Air Weapons Level 2  
  145  12:34  Probe x2  
  135  12:47  Graviton Catapult, Carrier (Chrono Boost)  
  149  13:20  Carrier x2 (Chrono Boost)  
  149  13:26  Stargate  
  149  13:29  Stargate  
  149  13:30  Pylon  
  149  13:36  Pylon, Observer  
  149  13:38  Pylon  
  149  13:40  Probe  
  151  13:44  Pylon  
  151  13:52  Probe  
  152  14:02  Assimilator  
  150  14:04  Probe, Assimilator  
  150  14:07  Photon Cannon  
  150  14:08  Photon Cannon  
  151  14:12  Photon Cannon  
  151  14:14  Carrier (Chrono Boost)  
  151  14:17  Carrier (Chrono Boost)  
  169  14:21  Carrier (Chrono Boost)  
  169  14:36  Nexus  
  169  14:46  Pylon  
  169  14:49  Pylon  
  168  15:03  Photon Cannon  
  168  15:05  Photon Cannon  
  180  15:08  Pylon, Carrier x2 (Chrono Boost)  
  169  15:41  Protoss Air Weapons Level 3 (Chrono Boost)  
  168  15:51  Observer  
  168  15:52  Carrier (Chrono Boost)  
  187  16:01  Carrier x2 (Chrono Boost)  
  152  17:24  Carrier x4  
  152  17:25  Carrier  
  168  18:01  Observer  
  168  18:08  Protoss Air Armor Level 2 (Chrono Boost)  
  167  18:31  Nexus  
  167  18:49  Carrier  
  167  18:50  Carrier x2  
  186  19:03  Observer (Chrono Boost)  
  186  19:35  Photon Cannon x2  
  186  19:42  Carrier x2  
  198  20:09  Twilight Council  
  198  20:11  Pylon  
Tags
 
Add a new tag
Caveats
  • Supply blocks, unpowered buildings, or Contaminate may cause inaccurate times.
  • Supply counts are checked every 10 seconds.